 Dungeon Crawl Stone Soup version 0.31-a0-844-gdc52ec4e09 (webtiles) character file.

Game seed: 4176348000480874970

28226 Lorrdernie the Convoker (level 13, -5/47 HPs)
             Began as a Felid Summoner on Sept 30, 2023.
             Was an Initiate of Gozag.
             Slain by a death yak (22 damage)
             ... in an ice cave.
             The game lasted 00:55:37 (18354 turns).

Lorrdernie the Convoker (Felid Summoner)           Turns: 18354, Time: 00:55:38

Health: -5/47      AC:  3    Str:  4    XL:     13   Next: 8%
Magic:  12/20      EV: 22    Int: 20    God:    Gozag
Gold:   851        SH:  0    Dex: 18    Spells: 2/20 levels left
                                        Lives:  0   Deaths: 4

rFire   x . .        (weapon unavailable)
rCold   + + .        (shield unavailable)
rNeg    . . .        (body armour unavailable)
rPois   .            (helmet unavailable)
rElec   .            (cloak unavailable)
rCorr   .            (gloves unavailable)
SInv    +            (boots unavailable)
Will    +....        u - amulet of regeneration
Stlth   ++           d - +5 ring of evasion
HPRegen 1.07/turn    s - ring of ice
MPRegen 0.17/turn

%: no passive effects
@: gold aura, quick
A: very small, claws 1, fangs 3, see invisible, speed 1, shaggy fur 3, stealthy
paws, no weapons or thrown items, no armour, multi-lived
a: Renounce Religion, Potion Petition, Call Merchant, Bribe Branch


You were in an ice cave.
You worshipped Gozag.
Gozag was pleased with you.
You visited 3 branches of the dungeon, and saw 13 of its levels.
You also visited: Ossuary, Gauntlet and Ice Cave.

You collected 2842 gold pieces.
You spent 704 gold pieces at shops.
You paid 1287 gold pieces to Gozag.

Inventory:

Jewellery
 d - a +5 ring of evasion (left paw)
 q - a ring of protection from fire
 s - a ring of ice (right paw)
 u - an amulet of regeneration (around neck)
 x - a ring of willpower
Wands
 h - a wand of flame (40)
Scrolls
 c - a scroll of immolation
 f - 3 scrolls of blinking
 i - 7 scrolls of identify
 w - a scroll of poison
 y - a scroll of silence
 z - 4 scrolls of amnesia
 A - a scroll of vulnerability
Potions
 a - 4 potions of magic
 e - 3 potions of degeneration
 g - 3 potions of ambrosia
 j - 2 potions of cancellation
 k - 2 potions of lignification
 l - 2 potions of heal wounds
 m - 4 potions of curing
 n - a potion of haste
 o - a potion of might
 p - a potion of enlightenment {unknown}
 r - 4 potions of attraction {unknown}
 t - 2 potions of brilliance {unknown}
 v - 3 potions of mutation {unknown}


   Skills:
 - Level 2.6 Dodging
 - Level 2.6 Stealth
 - Level 4.0 Spellcasting
 - Level 4.0 Hexes
 * Level 18.7 Summonings
 - Level 4.0 Translocations
 - Level 10.0 Air Magic


You had 2 spell levels left.
You knew the following spells:

 Your Spells              Type           Power      Damage    Failure   Level
a - Summon Small Mammal   Summ           100%       N/A       0%          1
b - Call Imp              Summ           100%       N/A       0%          2
c - Call Canine Familiar  Summ           68%        N/A       1%          3
d - Summon Guardian Gole  Hex/Summ       49%        N/A       1%          3
e - Summon Lightning Spi  Summ/Air       57%        N/A       1%          4
f - Summon Forest         Summ/Tloc      24%        N/A       3%          5

Your spell library contained the following spells:

 Spells                   Type           Power      Damage    Failure   Level
 Apportation              Tloc           40%        N/A       2%          1
 Blink                    Tloc           40%        N/A       3%          2
 Lesser Beckoning         Tloc           40%        N/A       3%          2
 Ensorcelled Hibernation  Hex/Ice        36%        N/A       9%          2
 Foxfire                  Conj/Fire      16%        2x1d4     13%         1
 Necrotise                Necr           16%        1d4       13%         1
 Passwall                 Tmut/Erth      3%         N/A       19%         2
 Swiftness                Air            44%        N/A       1%          3
 Gell's Gravitas          Tloc           20%        N/A       8%          3
 Teleport Other           Tloc           20%        N/A       8%          3
 Inner Flame              Hex/Fire       12%        N/A       17%         3
 Cause Fear               Hex            10%        N/A       24%         4
 Manifold Assault         Tloc           20%        N/A       24%         4
 Hailstorm                Conj/Ice       6%         3d4       36%         3
 Anguish                  Hex/Necr       6%         N/A       50%         4
 Yara's Violent Unravell  Hex/Tmut       6%         3d5       83%         5
 Alistair's Intoxication  Tmut/Pois      2%         N/A       98%         5
 Dispersal                Tloc           10%        N/A       98%         6
 Enfeeble                 Hex            10%        N/A       100%        7
 Disjunction              Tloc           10%        N/A       100%        8
 Polar Vortex             Ice            3%         N/A       100%        9


Dungeon Overview and Level Annotations

Branches:
Dungeon (9/15)             Temple (1/1) D:5            Lair (3/5) D:8
 Shoals (0/4) Lair:2        Snake (0/4) Lair:2          Orc (0/2) D:9
Ossuary (visited)           IceCv (1/1)             Gauntlet (visited)

Altars:
Ashenzari
Cheibriados
Dithmenos
Elyvilon
Fedhas
Gozag
Hepliaklqana
Kikubaaqudgha
Makhleb
Nemelex Xobeh
Okawaru
Qazlal
Ru
Sif Muna
Trog
Uskayaw
Vehumet
Wu Jian
Xom
Yredelemnul
Zin
The Shining One

Shops:
D:6 *   D:7 :   D:8 :   Lair:1 :

Annotations:
D:5 1 runed translucent door
D:7 3 runed translucent doors, lunkers's ghost, novice MeRe


Innate Abilities, Weirdness & Mutations

You have sharp claws.
You have razor-sharp teeth.
You have supernaturally acute eyesight. (SInv)
You cover ground quickly. (Speed+)
Your thick and shaggy fur keeps you warm. (AC +3, rC+)
Your paws help you pounce on unaware monsters.
You are incapable of wielding weapons or throwing items.
You cannot wear armour.
You gain extra lives every three experience levels.


Message History

The polar bear claws your guardian golem.
The frost giant points at you and mumbles some strange words.
The bolt of cold hits the polar bear!
The polar bear resists.
The polar bear dies!
The bolt of cold hits your guardian golem!!
Your guardian golem resists.
Your guardian golem is destroyed!
Your guardian golem disappears in a puff of smoke!
The bolt of cold hits you!! You resist.
You hear an angry growl.
Unknown command.
Casting: Summon Guardian Golem (safe; 1% risk of failure)
Confirm with . or Enter, or press ? or * to list all spells.
A guardian golem appears, shielding your allies.
Casting: Summon Guardian Golem (safe; 1% risk of failure)
Confirm with . or Enter, or press ? or * to list all spells.
A death yak comes into view.
The frost giant completely misses your guardian golem.
Your guardian golem is engulfed in blazing flames.
Unknown command.
Okay, then.
You swap places.
Something hits your guardian golem! Something freezes your guardian golem.
Your guardian golem is engulfed in blazing flames.
The death yak gores you!!
* * * LOW HITPOINT WARNING * * *
The death yak attacks as it pursues you!
The death yak misses you.
Your wolf bites the death yak.
The death yak completely misses you.
A death yak comes into view.
Your wolf bites the death yak.
A death yak comes into view.
Found a scale mail of cold resistance and 12 gold pieces.
The death yak bellows!
The death yak bellows!
You scratch the death yak but do no damage.
Your wolf bites the death yak but does no damage.
The death yak gores you!!
You die...
Your body crumbles into a pile of gold.

##9#
##h#
###.##
##.#9#
#..h.#
##h#.##
#Y###.#
#.## .#
#@.# ##
##Y#
~..
#~#.Y
~# ⌠[#
## $# #


You could see 3 death yaks and a friendly wolf (summoned, sheltered).

Vanquished Creatures
  Crazy Yiuf (D:4)
  An adder (D:2)
  A white imp (D:6)
  3 dart slugs
  2 orcs
  3 ball pythons
  3 endoplasms
  2 giant cockroaches (D:5)
  8 gnoll zombies (Ossuary)
  6 goblins
  A hobgoblin (D:1)
  2 quokkas
  5 bats
  2 frilled lizards
  A goblin simulacrum (Ossuary)
  3 goblin zombies (Ossuary)
  3 hobgoblin zombies (Ossuary)
  5 kobolds
  3 kobold zombies (Ossuary)
  3 orc zombies (Ossuary)
  A quokka zombie (D:6)
  A rat (D:2)
  A spectral goblin (Ossuary)
61 creatures vanquished.

Vanquished Creatures (collateral kills)
  Gastronok (Lair:1)
  2 boulder beetles (Lair:1)
  A two-headed ogre (D:9)
  2 death yaks (Lair:2)
  Urug (Lair:2)
  8 elephants
  A merfolk siren (Lair:2)
  A black mamba (Lair:3)
  7 cane toads
  A rime drake (D:8)
  2 komodo dragons
  3 merfolk (Lair:2)
  A polar bear (IceCv)
  8 blink frogs
  2 wyverns
  A wraith (D:9)
  21 yaks
  A basilisk (Lair:2)
  A steam dragon (Lair:2)
  2 wargs (D:9)
  An acid dragon (D:8)
  12 water moccasins
  3 nagas (Lair:2)
  A sky beast (D:6)
  3 orc warriors
  3 ice beasts (D:8)
  3 black bears
  An ogre (D:7)
  6 wolves
  2 centaurs
  2 phantoms
  2 kobold brigands
  13 bullfrogs
  A gnoll sergeant (D:9)
  9 scorpions
  3 wights
  4 killer bees
  An electric eel (Lair:2)
  3 howler monkeys (D:9)
  4 hounds
  A jelly (D:8)
  5 orc priests
  A gnoll bouda (D:6)
  A sleepcap (D:5)
  5 iguanas
  6 orc wizards
  A mummy (Ossuary)
  Robin (D:3)
  9 gnolls
  5 adders
  2 shadow imps (D:6)
  A white imp (D:6)
  2 ufetubi (D:5)
  A dart slug (D:4)
  17 orcs
  2 spectral bats (Ossuary)
  6 ball pythons
  3 endoplasms
  2 giant cockroaches
  12 goblins
  5 hobgoblins
  16 kobolds
  2 quokkas
  2 bats
  A bat simulacrum (Ossuary)
  A frilled lizard (D:3)
  4 gnoll zombies (Ossuary)
  6 goblin simulacra (Ossuary)
  3 goblin zombies
  3 hobgoblin zombies (Ossuary)
  A kobold simulacrum (Ossuary)
  An orc zombie (Ossuary)
  2 rats
  3 rat simulacra (Ossuary)
  5 spectral goblins (Ossuary)
  2 spectral kobolds (Ossuary)
  4 spectral rats (Ossuary)
288 creatures vanquished.

Vanquished Creatures (others)
  A death yak (Lair:2)
  A black mamba (Lair:3)
  2 cane toads (Lair:1)
  2 komodo dragons
  2 polar bears
  7 yaks
  A wyvern (D:7)
  A vampire mosquito (D:5)
  2 water moccasins (Lair:1)
  A black bear (D:5)
  3 wolves
  A kobold brigand (D:7)
  A scorpion (D:5)
  6 wights
  4 killer bees (D:7)
  An iguana (D:7)
  An orc wizard (D:7)
  2 gnolls (D:5)
  2 orcs (D:7)
  4 snaplasher vines
45 creatures vanquished.

Grand Total: 394 creatures vanquished

Notes
Turn   | Place    | Note
-------+----------+-------------------------------------------
     0 | D:1      | Lorrdernie the Felid Summoner began the quest for the Orb.
     0 | D:1      | Reached XP level 1. HP: 7/7 MP: 4/4
   473 | D:1      | Reached XP level 2. HP: 10/11 MP: 6/6
   695 | D:1      | Learned a level 2 spell: Call Imp
  1442 | D:2      | You fall into a shaft and drop 2 floors!
  1488 | D:4      | Reached XP level 3. HP: 14/14 MP: 1/8
  1568 | D:4      | Reached skill level 5 in Summonings
  1615 | D:4      | Learned a level 3 spell: Call Canine Familiar
  1658 | D:4      | Noticed a bullfrog
  1675 | D:4      | Killed a bullfrog
  1676 | D:4      | Reached XP level 4. HP: 18/18 MP: 0/9
  1681 | D:4      | Learned a level 3 spell: Summon Guardian Golem
  1821 | D:4      | Found a runed translucent door.
  1822 | D:4      | Noticed Crazy Yiuf
  2084 | D:4      | Reached XP level 5. HP: 21/21 MP: 4/10
  2091 | D:4      | Reached skill level 1 in Hexes
  2583 | D:4      | Reached skill level 6 in Summonings
  2746 | D:4      | Killed Crazy Yiuf
  2863 | D:5      | Entered Level 5 of the Dungeon
  2874 | D:5      | Gained mutation: You are covered in thick fur. (AC +2)
                  | [Felid growth]
  2874 | D:5      | Reached XP level 6. HP: 24/24 MP: 7/12
  3788 | D:3      | Noticed Robin
  3812 | D:3      | Killed Robin
  3819 | D:3      | Learned a level 4 spell: Summon Lightning Spire
  4519 | D:2      | Reached XP level 7. HP: 27/27 MP: 10/14
  4545 | D:2      | Found a faded altar of an unknown god.
  4950 | D:3      | Reached skill level 7 in Summonings
  5533 | D:5      | Reached skill level 1 in Air Magic
  5755 | D:5      | Found a staircase to the Ecumenical Temple.
  5796 | Temple   | Entered the Ecumenical Temple
  5801 | Temple   | Became a worshipper of Gozag Ym Sagoz the Greedy
  5845 | D:5      | Found a runed translucent door.
  5852 | D:5      | Found a runed translucent door.
  5853 | D:5      | Noticed a vampire mosquito
  6406 | D:5      | Killed a vampire mosquito
  6407 | D:5      | Reached skill level 8 in Summonings
  6407 | D:5      | Reached XP level 8. HP: 31/31 MP: 5/15
  6670 | D:6      | Reached skill level 9 in Summonings
  6795 | D:6      | Found Gotougru's General Store.
  6928 | D:6      | Found a glowing golden altar of the Shining One.
  6939 | D:6      | Found a sand-covered staircase.
  6946 | Ossuary  | Entered an ossuary
  8058 | D:6      | Reached skill level 10 in Summonings
  8062 | D:6      | Reached XP level 9. HP: 27/34 MP: 10/16
  8179 | D:6      | Reached skill level 5 in Air Magic
  8250 | D:6      | Found a broken altar of Ashenzari.
  8912 | D:7      | Reached skill level 11 in Summonings
  9332 | D:7      | Found Sage's Tiny Tomes.
  9653 | D:7      | Shot with an arrow by a centaur
  9778 | D:7      | Reached skill level 12 in Summonings
  9785 | D:7      | Reached XP level 10. HP: 37/37 MP: 10/17
  9904 | D:7      | Identified the +9 plate armour of the Endless Expanse {rF++
                  | MP+9 Dex-4 Stlth+}
  9932 | D:7      | Found an ancient bone altar of Kikubaaqudgha.
  9934 | D:7      | Found a shimmering blue altar of Sif Muna.
  9935 | D:7      | Found a blossoming altar of Fedhas.
  9936 | D:7      | Found a glowing silver altar of Zin.
  9937 | D:7      | Found a hide-covered altar of Uskayaw.
  9937 | D:7      | Found a sparkling altar of Nemelex Xobeh.
  9938 | D:7      | Found a shimmering altar of Xom.
 10052 | D:7      | Found a runed translucent gate.
 10052 | D:7      | Found a runed translucent gate.
 10053 | D:7      | Found a runed translucent gate.
 10055 | D:7      | Noticed lunkers's ghost (novice MeRe)
 11310 | D:8      | Found a staircase to the Lair.
 11719 | D:8      | Reached skill level 13 in Summonings
 12266 | D:9      | Found a staircase to the Orcish Mines.
 12350 | D:9      | Noticed a two-headed ogre
 12360 | D:9      | Killed a two-headed ogre
 12711 | Lair:1   | Entered Level 1 of the Lair of Beasts
 12896 | Lair:1   | Reached skill level 14 in Summonings
 12911 | Lair:1   | Reached XP level 11. HP: 40/40 MP: 12/18
 13218 | Lair:1   | Noticed a boulder beetle
 13386 | Lair:1   | Killed a boulder beetle
 13561 | Lair:1   | Reached skill level 15 in Summonings
 14752 | Lair:1   | Noticed a boulder beetle
 14770 | Lair:1   | Killed a boulder beetle
 14771 | Lair:1   | Reached skill level 16 in Summonings
 14771 | Lair:1   | Gained mutation: Your thick and shaggy fur keeps you warm.
                  | (AC +3, rC+) [Felid growth]
 14771 | Lair:1   | Reached XP level 12. HP: 44/44 MP: 13/19
 14866 | Lair:1   | Bought Oskiw Tops's Book of Transposition and the Switch
                  | for 704 gold pieces
 14872 | Lair:1   | Learned a level 5 spell: Summon Forest
 14926 | Lair:2   | Noticed Gastronok
 14945 | Lair:1   | Killed Gastronok
 14946 | Lair:1   | Reached skill level 10 in Air Magic
 15155 | Lair:2   | Noticed Urug
 15168 | Lair:2   | Killed Urug
 15358 | Lair:2   | Got a whispering book
 15616 | Lair:2   | Reached skill level 17 in Summonings
 15791 | Lair:2   | Noticed a death yak
 15791 | Lair:2   | Noticed a death yak
 15797 | Lair:2   | Noticed a death yak
 15800 | Lair:2   | Killed a death yak
 15806 | Lair:2   | Slain by a merfolk
 16911 | Lair:2   | Found a staircase to the Snake Pit.
 17185 | Lair:2   | Found a staircase to the Shoals.
 17328 | Lair:2   | Killed a death yak
 17358 | Lair:2   | Killed a death yak
 17359 | Lair:2   | Reached skill level 18 in Summonings
 17700 | Lair:3   | Slain by a komodo dragon
 17894 | Lair:3   | Found a gate leading to a gauntlet.
 17901 | Gauntlet | Entered a Gauntlet
 17901 | Gauntlet | Found a transporter.
 17901 | Gauntlet | Found a transporter.
 17901 | Gauntlet | Found a transporter.
 17902 | Gauntlet | Found a transporter.
 17906 | Gauntlet | Found a transporter.
 17906 | Gauntlet | Found a transporter.
 17941 | Gauntlet | Found a transporter.
 18001 | Gauntlet | Found a transporter.
 18004 | Gauntlet | Found a transporter.
 18006 | Gauntlet | Noticed a death scarab
 18020 | Gauntlet | Found a transporter.
 18040 | Gauntlet | Found a transporter.
 18040 | Gauntlet | Noticed a blizzard demon
 18115 | Lair:3   | Reached XP level 13. HP: 47/47 MP: 2/20
 18211 | Lair:3   | Found a frozen archway.
 18216 | IceCv    | Entered an ice cave
 18302 | IceCv    | HP: 2/47 [polar bear (3)]
 18308 | IceCv    | HP: 2/47 [polar bear (6)]
 18309 | IceCv    | Slain by a polar bear
 18321 | IceCv    | Noticed a frost giant
 18354 | IceCv    | Slain by a death yak

Illustrated notes

Levels and vault maps discovered:
D:1:      minmay_arrival_checkered_box, layout_basic
D:2:      layout_loops_corners, dreamdust_ecumenical_altar_grove,
          minmay_misc_feat_secret_circle
D:3:      layout_loops_cross, uniq_robin
D:4:      layout_basic, roderic_roman_lattice, uniq_crazy_yiuf_cottage
D:5:      lemuel_insect_pit, layout_gridville, minmay_temple_entry_overgrown,
          st_stairs_7, hangedman_abyss_or_decor_slice
D:6:      layout_cave_pools, general_overflow_altar,
          mainiacjoe_overflow_brackets, enter_ossuary_4, serial_shops, shop
D:7:      nicolae_cairo_tiling_very_big, layout_loops_ring,
          grunt_temple_overflow_open, gammafunk_ghost_necromancy,
          nicolae_shop_i_like_small_books_too, centaur_isle
D:8:      layout_gridville, hellmonk_lair_entry_icy
D:9:      layout_basic, minmay_orc_entry_guard_dogs, item_on_display_a
Temple:   nicolae_temple_ecumenical_triangle
Lair:1:   layout_cave_pods, beast_lair_carwin_7
Lair:2:   layout_hall_layers, elwin_shoals_entry_stream,
          nicolae_snake_entry_squirm, chequers_serial_rivers_small_a,
          nicolae_lair_lil_pond, wad_woods_road_05, uniq_gastronok, uniq_urug
Lair:3:   layout_regular_city, gauntlet_entry_generic,
          portal_ice_cave_entry_pillars_2, st_stairs_10, beast_lair_carwin_11
IceCv:    ice_cave_caverns_03

Skill      XL: |  1  2  3  4  5  6  7  8  9 10 11 12 |
---------------+-------------------------------------+-----
Summonings     | 5 6 8 10 12 14 16 18 | 18.7
Spellcasting   | 3 4 |  4.0
Hexes          | 2 3 4 |  4.0
Air Magic      | 2 4 6 8 9 10 | 10.0
Translocations | 4 |  4.0
Dodging        | |  2.6
Stealth        | |  2.6

Action                     |  1- 3 |  4- 6 |  7- 9 | 10-12 | 13-15 || total
---------------------------+-------+-------+-------+-------+-------++-------
  Melee: Unarmed           |    36 |    72 |   220 |    10 |     1 ||   339
         Bite              |     6 |     7 |    39 |     2 |       ||    54
         Punch             |       |       |     4 |       |       ||     4
   Cast: Summon Small Mamm |    27 |    11 |    12 |     6 |       ||    56
         Call Imp          |    15 |    23 |    22 |     8 |       ||    68
         Call Canine Famil |     1 |    28 |    58 |    65 |     5 ||   157
         Summon Guardian G |       |     2 |    28 |    43 |     5 ||    78
         Summon Lightning  |       |       |     4 |    54 |     1 ||    59
         Summon Forest     |       |       |       |    22 |       ||    22
 Invoke: Call Merchant     |       |       |       |     2 |       ||     2
    Use: Scroll            |       |       |    12 |    11 |       ||    23
         Potion            |       |       |       |     2 |       ||     2
   Stab: Sleeping          |     2 |     5 |    11 |       |       ||    18
         Distracted        |       |       |     4 |       |       ||     4
 Armour: Skin              |    13 |    21 |    80 |    75 |    15 ||   204
  Dodge: Dodged            |    32 |    55 |   284 |   130 |    25 ||   526

Table legend: (Time is in decaauts)
 A = Elapsed time spent in this place.
 B = Non-inter-level travel time spent in this place.
 C = Inter-level travel time spent in this place.
 D = Time resting spent in this place.
 E = Time spent auto-exploring this place.
 F = Levels seen in this place.
 G = Mean time per level.
                   A        B        C        D        E       F      G
               +--------+--------+--------+--------+--------+-----+--------+
         Total |  16471 |  16016 |    455 |   3021 |   8979 |  16 | 1029.4 |
       Dungeon |  10716 |  10408 |    308 |   1993 |   6034 |   9 | 1190.7 |
        Temple |     26 |     26 |      0 |      0 |     11 |   1 |   26.0 |
          Lair |   4864 |   4717 |    147 |   1010 |   2533 |   3 | 1621.3 |
       Ossuary |    617 |    617 |      0 |     17 |    352 |   1 |  617.0 |
      Ice Cave |    125 |    125 |      0 |      0 |     48 |   1 |  125.0 |
      Gauntlet |    120 |    120 |      0 |      0 |      0 |   1 |  120.0 |
               +--------+--------+--------+--------+--------+-----+--------+

Top non-repeatable levels by time:
  Lair:2: 2386 daAuts
  Lair:1: 2124 daAuts
     D:7: 2067 daAuts
     D:5: 1450 daAuts
     D:4: 1341 daAuts
     D:3: 1183 daAuts
     D:6: 1108 daAuts
     D:1: 1000 daAuts
     D:8: 946 daAuts
     D:2: 900 daAuts
     D:9: 718 daAuts
 Ossuary: 617 daAuts
  Lair:3: 353 daAuts
   IceCv: 125 daAuts
Gauntlet: 120 daAuts
